 Dungeon Crawl Stone Soup version 0.29-a0-330-g52719c12eb (webtiles) character file.

Game seed: 14415843943715302184

72 Ajdolov the Shooter (level 4, -1/33 HPs)
             Began as a Human Hunter on May 5, 2022.
             Was an Initiate of Hepliaklqana.
             Killed by nerve-wracking pain
             ... invoked by Grinder
              (7 damage)
             ... on level 3 of the Dungeon.
             The game lasted 00:03:28 (1664 turns).

Ajdolov the Shooter (Human Hunter)                  Turns: 1664, Time: 00:03:29

Health: -1/33      AC:  5    Str: 11    XL:     4   Next: 50%
Magic:  4/4        EV: 12    Int:  9    God:    Hepliaklqana [......]
Gold:   156        SH:  0    Dex: 19    Spells: 3/3 levels left

rFire   . . .      SeeInvis +   a - +1 shortbow
rCold   . . .      Faith    .   (shield currently unavailable)
rNeg    . . .      Spirit   .   b - +0 leather armour
rPois   .          Reflect  .   (no helmet)
rElec   .          Harm     .   (no cloak)
rCorr   .          Rampage  .   f - +0 pair of gloves
Will    .....                   m - +0 pair of boots
Stlth   ++........              (no amulet)
HPRegen 0.11/turn               g - ring of see invisible
MPRegen 0.09/turn               (no ring)

@: no status effects
A: no striking features
a: Renounce Religion


You were on level 3 of the Dungeon.
You worshipped Hepliaklqana.
Hepliaklqana was noncommittal.
You visited 1 branch of the dungeon, and saw 3 of its levels.

You collected 156 gold pieces.

Inventory:

Hand Weapons
 a - a +1 shortbow (weapon)
Armour
 b - a +0 leather armour (worn)
 f - a +0 pair of gloves (worn)
 m - a +0 pair of boots (worn)
Jewellery
 g - a ring of see invisible (left hand)
Scrolls
 c - 2 scrolls of immolation
 j - a scroll of vulnerability {unknown}
 k - 2 scrolls of torment {unknown}
 l - 2 scrolls of identify {unknown}
 n - a scroll of noise {unknown}
 p - a scroll of fear {unknown}
 q - a scroll of blinking {unknown}
 s - a scroll of teleportation {unknown}
Potions
 d - 2 potions of attraction {unknown}
 e - 2 potions of curing {unknown}
 h - a potion of might {unknown}
 i - 2 potions of brilliance {unknown}
 o - a potion of heal wounds {unknown}
 r - a potion of degeneration {unknown}


   Skills:
 - Level 2.0 Fighting
 * Level 5.2 Bows
 - Level 2.0 Dodging
 + Level 2.4 Stealth


You had 3 spell levels left.
You didn't know any spells.
Your spell library contained the following spells:

 Spells                   Type           Power      Damage    Failure   Level
 Corpse Rot               Necr/Air       0%         N/A       63%         2
 Poisonous Vapours        Pois/Air       0%         N/A       63%         2
 Frozen Ramparts          Ice            0%         1d2       85%         3
 Ice Form                 Ice/Tmut       0%         N/A       99%         4
 Summon Ice Beast         Ice/Summ       0%         N/A       99%         4


Dungeon Overview and Level Annotations

Branches:
Dungeon (3/15)

Altars:
Hepliaklqana

Shops:
D:1 *   D:3 [

Annotations:
D:2 Terence
D:3 Grinder


Message History

l - 2 scrolls labelled VOIMAD LUXOR (gained 1)
Found three items.
Found Duuch's Antique Armour Shoppe.
s - a scroll labelled NOTUONN GIHOLU
k - 2 scrolls labelled ICUYVEINNU (gained 1)
There is an entrance to Duuch's Antique Armour Shoppe here.
You can access your shopping list by pressing '$'.
You pick up a book of Vapours and begin reading...
You add the spells Poisonous Vapours and Corpse Rot to your library.
There is a fountain of clear blue water here.
Grinder gestures at you.
You suddenly lose the ability to move!
Grinder gestures at you. Pain shoots through your body!
Grinder gestures at you. Pain shoots through your body!
You can move again.
Grinder blinks!
You start resting.
HP restored.
You aren't carrying any items that you can evoke.
Unknown command.
Grinder shouts!
Grinder grins, showing sharp teeth.
Grinder blinks!
You start waiting.
Grinder is nearby!
You shoot an arrow. The arrow closely misses Grinder.
Grinder gestures at you.
You suddenly lose the ability to move!
Grinder gestures at you. Pain shoots through your body! Grinder hits you.
You writhe in agony.
You can move again.
Grinder attacks as you move away! Grinder hits you.
* * * LOW HITPOINT WARNING * * *
You writhe in agony.
* * * LOW HITPOINT WARNING * * *
Grinder gestures at you. Pain shoots through your body!
You die...

###### ##### #.....
#...# #######.##.. #...#
#.......# .. #...#
###...#######.
###...#####...⌠.⌠.......
#......@..#.#..∩..####.#
#.#######5#.#.⌠.⌠.#....#
#.# #.#.#.#.#.#.....
#.#######.#.#.#.#.#...).
#.#.......#.#.#.#.#.###.
#.#.#######.#...#....##.
#.#.#######.########.##.
####.#.##.§....#
#....<....
#<†..#.##.####.#
#.###.....


You could see Grinder.

Vanquished Creatures
  A gnoll (D:1)
  An adder (D:2)
  A worm (D:2)
  2 dart slugs
  An orc (D:2)
  9 ball pythons
  4 endoplasms
  A giant cockroach (D:1)
  2 goblins
  4 hobgoblins
  3 jackals (D:1)
  4 kobolds
  2 quokkas
  2 bats
  A frilled lizard (D:1)
  5 rats
43 creatures vanquished.

Notes
Turn   | Place    | Note
-------+----------+-------------------------------------------
     0 | D:1      | Ajdolov the Human Hunter began the quest for the Orb.
     0 | D:1      | Reached XP level 1. HP: 16/16 MP: 1/1
    32 | D:1      | Reached XP level 2. HP: 18/22 MP: 2/2
   251 | D:1      | Found Gautaiti's Assorted Antiques.
   261 | D:1      | Reached XP level 3. HP: 27/27 MP: 3/3
   717 | D:2      | Reached XP level 4. HP: 30/33 MP: 4/4
   771 | D:2      | Reached skill level 5 in Bows
   880 | D:2      | Noticed Terence
  1093 | D:3      | Found a hazy altar of Hepliaklqana.
  1135 | D:3      | Became a worshipper of Hepliaklqana the Forgotten
  1246 | D:3      | Noticed Grinder
  1335 | D:3      | Found Duuch's Antique Armour Shoppe.
  1352 | D:3      | Paralysed by Grinder for 3 turns
  1658 | D:3      | Paralysed by Grinder for 5 turns
  1664 | D:3      | Killed from afar by Grinder

Illustrated notes

Levels and vault maps discovered:
D:1:      dpeg_arrival_short_road, layout_rooms, serial_shops, shop
D:2:      layout_rooms, dreamdust_wishing_well, uniq_terence
D:3:      layout_basic, nzn_hepliaklqana_mist_gate, serial_shops,
          shop_fountains, uniq_grinder

Skill      XL: |  1  2  3  4 |
---------------+-------------+-----
Stealth        | 2 |  2.4
Bows           | 5 |  5.2
Fighting       | |  2.0
Dodging        | |  2.0

Action                   |  1- 3 |  4- 6 || total
-------------------------+-------+-------++-------
 Fire: Shortbow          |    75 |    30 ||   105
Armor: Leather armour    |     7 |     5 ||    12
Dodge: Dodged            |    14 |     3 ||    17

Table legend: (Time is in decaauts)
 A = Elapsed time spent in this place.
 B = Non-inter-level travel time spent in this place.
 C = Inter-level travel time spent in this place.
 D = Time resting spent in this place.
 E = Time spent auto-exploring this place.
 F = Levels seen in this place.
 G = Mean time per level.
                   A        B        C        D        E       F      G
               +--------+--------+--------+--------+--------+-----+--------+
         Total |   1696 |   1617 |     79 |    226 |    926 |   3 |  565.3 |
       Dungeon |   1696 |   1617 |     79 |    226 |    926 |   3 |  565.3 |
               +--------+--------+--------+--------+--------+-----+--------+

Top non-repeatable levels by time:
     D:3: 589 daAuts
     D:2: 554 daAuts
     D:1: 552 daAuts
